 Dungeon Crawl Stone Soup version 0.31-a0-364-gb59cdcccf2 (webtiles) character file.

Game seed: 641257350171833945

1972630 Flugkiller the Wrestler (level 26, 268/268 HPs)
             Began as a Naga Shapeshifter on July 27, 2023.
             Was the Champion of Wu Jian.
             Escaped with the Orb
             ... and 3 runes!
             The game lasted 01:26:15 (48885 turns).

Flugkiller the Wrestler (Naga Shapeshifter)        Turns: 48885, Time: 01:26:16

Health: 268/268    AC: 43    Str: 34    XL:     26   Next: 67%
Magic:  23/23      EV: 12    Int: 13    God:    Wu Jian [******]
Gold:   4688       SH: 25    Dex: 15    Spells: 25/25 levels left

rFire   + .          .
                       - Unarmed
rCold   + + .        s - +5 tower shield
rNeg    + + +        R - +5 plate armour "Saxoam" {Drain rElec Regen+ Stlth-}
rPois   ∞            f - +2 helmet {Int+3}
rElec   +            F - scarf {rC+ rF+}
rCorr   .            V - +2 pair of gloves
SInv    +            I - +4 barding of Qyzeus Xoic {rPois Will+ Dex+3}
Will    +++++        U - amulet of regeneration Stlth
                     v - +5 ring of evasion
HPRegen 2.24/turn    X - +6 ring of strength
MPRegen 0.18/turn

%: no passive effects
@: death-form, studying Axes, very slow
A: vile attack, torment immunity, no potions, AC +8, large, see invisible,
deformed body, poison resistance, slowness 2, spit poison 1, naga tail 2
0: Orb of Zot
}: 3/15 runes: decaying, serpentine, silver
a: Spit Poison, Siphon Essence, Begin Untransformation, Renounce Religion, Wall
Jump, Serpent's Lash, Heavenly Storm


You escaped.
You worshipped Wu Jian.
Wu Jian was exalted by your worship.
You were an undying horror.
You visited 9 branches of the dungeon, and saw 45 of its levels.
You also visited: Sewer, Bailey, Gauntlet and Volcano.

You collected 8043 gold pieces.
You spent 3355 gold pieces at shops.

Inventory:

Missiles
 l - 11 curare-tipped darts
 A - 3 throwing nets
Armour
 f - a +2 helmet of intelligence (worn)
   (You bought it in a shop on level 2 of the Orcish Mines)
 s - a +5 tower shield (worn)
   (You took it off a naga warrior on level 4 of the Snake Pit)
 F - a scarf of resistance (worn)
   (You found it on level 2 of the Snake Pit)
 I - the +4 barding of Qyzeus Xoic (worn) {rPois Will+ Dex+3}
   (You acquired it on level 8 of the Dungeon)

   Dex:       It affects your dexterity (+3).
   rPois:     It protects you from poison.
   Will:      It increases your willpower.
 R - the +5 plate armour "Saxoam" (worn) {Drain rElec Regen+ Stlth-}
   (You bought it in a shop on level 2 of the Dungeon)

   rElec:     It insulates you from electricity.
   Regen:     It increases your rate of health regeneration.
   Drain:     It drains your maximum health when unequipped.
   Stlth:     It makes you less stealthy.
 V - a +2 pair of gloves (worn)
   (You took it off Nikola on level 1 of the Swamp)
Jewellery
 a - the ring "Have" {Fly rN+ Will+ Int+3 Dex+3}
   (You took it off a green draconian on level 4 of the Depths)

   [ring of willpower]

   Int:       It affects your intelligence (+3).
   Dex:       It affects your dexterity (+3).
   rN:        It protects you from negative energy.
   Fly:       It grants you flight.
   Will:      It increases your willpower.
 c - an amulet of guardian spirit
   (You found it on level 5 of the Vaults)
 m - a +5 ring of evasion
   (You found it on level 13 of the Dungeon)
 v - a +5 ring of evasion (left hand)
   (You found it on level 4 of the Lair of Beasts)
 Q - the ring of Xanul {rElec rPois rN+ Will+}
   (You found it on level 5 of the Vaults)

   [ring of positive energy]

   rElec:     It insulates you from electricity.
   rPois:     It protects you from poison.
   rN:        It protects you from negative energy.
   Will:      It increases your willpower.
 U - an amulet of regeneration (around neck)
   (You found it on level 3 of the Lair of Beasts)
 X - a +6 ring of strength (right hand)
   (You found it on level 5 of the Lair of Beasts)
Talismans
 e - a blade talisman
   (You found it on level 2 of the Dungeon)
 y - a storm talisman
   (You found it on level 2 of the Realm of Zot)
 Z - a talisman of death
   (You bought it in a shop on level 14 of the Dungeon)
Wands
 u - a wand of charming (45)
   (You took it off a kobold brigand on level 5 of the Dungeon)
 K - a wand of digging (20)
   (You found it on level 8 of the Dungeon)
 M - a wand of roots (17)
   (You took it off an orc wizard on level 8 of the Dungeon)
 T - a wand of quicksilver (14)
   (You found it on level 4 of the Lair of Beasts)
 W - a wand of mindburst (48)
   (You found it on level 5 of the Lair of Beasts)
Scrolls
 b - a scroll of revelation
 g - 5 scrolls of immolation
 i - 11 scrolls of vulnerability
 k - 9 scrolls of summoning
 r - 6 scrolls of identify
 t - 10 scrolls of teleportation
 x - 2 scrolls of torment
 z - 7 scrolls of blinking
 D - 12 scrolls of fear
 G - 10 scrolls of fog
 S - 2 scrolls of silence
Potions
 d - 11 potions of might
 h - 3 potions of haste
 n - a potion of resistance
 o - 8 potions of enlightenment
 q - 10 potions of curing
 w - 14 potions of heal wounds
 B - 6 potions of attraction
 C - 4 potions of magic
 E - 7 potions of cancellation
 H - 5 potions of invisibility
 O - 6 potions of ambrosia
 P - 5 potions of mutation
Miscellaneous
 j - a box of beasts
   (You found it on level 3 of the Snake Pit)
 p - a phial of floods
   (You found it on level 2 of the Lair of Beasts)
 L - a phantom mirror
   (You found it in a Gauntlet)
 Y - a condenser vane
   (You found it on level 13 of the Dungeon)


   Skills:
 + Level 22.1 Fighting
 - Level 15.0 Armour
 - Level 9.0 Dodging
 - Level 17.0 Shields
 + Level 22.1 Unarmed Combat
 - Level 8.0 Evocations
 - Level 21.0 Shapeshifting


You had 25 spell levels left.
You didn't know any spells.
Your spell library contained the following spells:

 Spells                   Type           Power      Damage    Failure   Level
 Freeze                   Ice            0%         1d3       94%         1
 Kiss of Death            Conj/Necr      0%         2d5       94%         1
 Magic Dart               Conj           0%         1d3       94%         1
 Shock                    Conj/Air       0%         1d3       94%         1
 Sting                    Tmut/Pois      0%         1d3       94%         1
 Summon Small Mammal      Summ           0%         N/A       94%         1
 Cigotuvi's Dreadful Rot  Necr/Pois/Air  0%         N/A       98%         2
 Lesser Beckoning         Tloc           0%         N/A       98%         2
 Poisonous Vapours        Pois/Air       0%         N/A       98%         2
 Scorch                   Fire           0%         2d5       98%         2
 Searing Ray              Conj           0%         2d4       98%         2
 Static Discharge         Conj/Air       0%         2-2/arc   98%         2
 Call Canine Familiar     Summ           0%         N/A       100%        3
 Confusing Touch          Hex            0%         N/A       100%        3
 Frozen Ramparts          Ice            0%         1d1       100%        3
 Gell's Gravitas          Tloc           0%         N/A       100%        3
 Hailstorm                Conj/Ice       0%         3d3       100%        3
 Ignite Poison            Fire/Tmut/Pois 0%         N/A       100%        3
 Mephitic Cloud           Conj/Pois/Air  0%         N/A       100%        3
 Portal Projectile        Hex/Tloc       0%         N/A       100%        3
 Stone Arrow              Conj/Erth      0%         3d7       100%        3
 Summon Guardian Golem    Hex/Summ       0%         N/A       100%        3
 Swiftness                Air            0%         N/A       100%        3
 Teleport Other           Tloc           0%         N/A       100%        3
 Tukima's Dance           Hex            0%         N/A       100%        3
 Airstrike                Air            0%         2d(0-16)  100%        4
 Anguish                  Hex/Necr       0%         N/A       100%        4
 Animate Armour           Summ/Erth      0%         N/A       100%        4
 Animate Dead             Necr           0%         N/A       100%        4
 Dispel Undead            Necr           0%         3d6       100%        4
 Flame Wave               Conj/Fire      0%         2d4       100%        4
 Fulminant Prism          Conj/Hex       0%         3d5       100%        4
 Iskenderun's Mystic Bla  Conj/Tloc      0%         2d3       100%        4
 Leda's Liquefaction      Hex/Erth       0%         N/A       100%        4
 Manifold Assault         Tloc           0%         N/A       100%        4
 Petrify                  Tmut/Erth      0%         N/A       100%        4
 Sticky Flame             Conj/Fire      0%         2d3       100%        4
 Summon Ice Beast         Ice/Summ       0%         N/A       100%        4
 Summon Lightning Spire   Summ/Air       0%         N/A       100%        4
 Borgnjor's Vile Clutch   Necr/Erth      0%         N/A       100%        5
 Freezing Cloud           Conj/Ice/Air   0%         6-21      100%        5
 Metabolic Englaciation   Hex/Ice        0%         N/A       100%        5
 Death Channel            Necr           0%         N/A       100%        6
 Simulacrum               Ice/Necr       0%         N/A       100%        6
 Summon Cactus Giant      Summ           0%         N/A       100%        6
 Ignition                 Fire           0%         3d3       100%        8
 Lehudib's Crystal Spear  Conj/Erth      0%         10d2      100%        8
 Shatter                  Erth           0%         3d5*      100%        9


Dungeon Overview and Level Annotations

Branches:
Dungeon (15/15)            Temple (1/1) D:5            Lair (5/5) D:8
  Swamp (4/4) Lair:3        Snake (4/4) Lair:3        Slime (0/5) Lair:5
    Orc (2/2) D:12            Elf (0/3) Orc:2        Vaults (5/5) D:13
  Crypt (0/3) Vaults:2     Depths (4/4) D:15            Zot (5/5) Depths:4
  Sewer (visited)          Bailey (visited)         Volcano (visited)
Gauntlet (visited)

Altars:
Ashenzari
Cheibriados
Dithmenos
Elyvilon
Fedhas
Gozag
Hepliaklqana
Kikubaaqudgha
Makhleb
Nemelex Xobeh
Okawaru
Qazlal
Ru
Sif Muna
Trog
Uskayaw
Vehumet
Wu Jian
Xom
Yredelemnul
Zin
The Shining One
Jiyva

Shops:
D:2 ?[:[!   D:3 (   D:12 [   D:14 =   D:15 :   Orc:2 [:*(   Vaults:2 ((
Vaults:5 (   Depths:4 *

Portals:
Hell: Depths:1 Depths:2 Depths:3 Depths:4
Abyss: Lair:4 Depths:2 Depths:3
Pandemonium: Depths:2 Depths:4
Ziggurat: Depths:3
Trove: D:12 (give 4 scrolls of blinking)

Annotations:
D:7 3 runed translucent doors, stringoo's ghost, novice OpFi
Lair:4 2 transporters, Qeochiv's ghost, journeyman MfMo
Vaults:3 1 runed translucent door, vineage's ghost, adept MiFi
Depths:2 1 runed door, 2 transporters, exclusion: door, Iloeme's ghost, adept DECK
Depths:3 1 runed translucent door, initializr's ghost, veteran OgAE
Zot:1 4 transporters


Innate Abilities, Weirdness & Mutations

You are an undying horror.
Your melee and unarmed attacks drain, slow and weaken victims.
You are immune to unholy pain and torment.
You cannot drink.
Your serpentine skin is tough. (AC +8)
You have supernaturally acute eyesight. (SInv)
Armour fits poorly on your strangely shaped body.
Your system is resistant to poisons. (rPois)
You cover ground very slowly.
You can spit poison.
You can use your snake-like lower body to constrict enemies.


Message History

Zadoass is severely wounded.
You constrict Zadoass, but do no damage.
Zadoass hits you but does no damage.
You pummel Zadoass!!
Zadoass decays.
Zadoass is severely wounded.
You constrict Zadoass, but do no damage.
The red devil barely misses you.
You pummel Zadoass!!
Zadoass decays.
Zadoass is almost dead.
You constrict Zadoass, but do no damage.
Zadoass hits you but does no damage. You block the red devil's attack.
You squash Zadoass like an ant!!!
You kill Zadoass!
The Council accepts your kill.
Your Fighting skill increases to level 22!
Your Unarmed Combat skill increases to level 22!
You block the red devil's attack. x2
You squash the red devil like an ant!!!
You kill the red devil!
The Council accepts your kill.
No target in view!
No target in view!
(D) Dungeon (T) Temple (L) Lair (S) Swamp (P) Snake Pit (M) Slime Pits (O) Orcish Mines (E) Elven Halls (V) Vaults (C) Crypt (U) Depths (H) Hell (Z) Zot
Where to? (Enter - D:1 @ (x,y), ? - help)
You feel less exhausted.
You see here a +0 flail.
You see here a +0 club.
HP restored.
There is a stone staircase leading up here.
You climb upwards.
There is a stone staircase leading down here.
There is a stone staircase leading up here.
You climb upwards.
There is a stone staircase leading down here.
There is a stone staircase leading up here.
You climb upwards.
There is a stone staircase leading down here.
A Yreizx Idok, a lich and a hellwing come into view.
Press: ? - help, v - describe, . - travel
Here: Yreizx Idok The floor.
Your muscles tense, ready for explosive movement...
You spin and attack Yreizx Idok repeatedly, with incredible momentum.
You punch Yreizx Idok!
Yreizx Idok decays.
You grab Yreizx Idok.
Yreizx Idok is lightly wounded.
You hit Yreizx Idok but do no damage.
Yreizx Idok is lightly wounded.
You release your grip on Yreizx Idok.
You spin and attack Yreizx Idok, with incredible momentum.
You pulverise Yreizx Idok!!!
Yreizx Idok decays.
Your grab misses Yreizx Idok.
Yreizx Idok is moderately wounded.
Your supernatural speed expires.
You spin and attack Yreizx Idok repeatedly.
You hit Yreizx Idok.
Yreizx Idok decays.
You grab Yreizx Idok.
Yreizx Idok is heavily wounded.
You completely miss Yreizx Idok.
Yreizx Idok is heavily wounded.
You constrict Yreizx Idok! You hit Yreizx Idok.
Yreizx Idok decays.
Yreizx Idok is heavily wounded.
You constrict Yreizx Idok. You punch Yreizx Idok!
Yreizx Idok decays.
Yreizx Idok is severely wounded.
You constrict Yreizx Idok, but do no damage.
The lich casts a spell.
The lich seems to speed up.
The hellwing swoops through the air toward you!
You block the hellwing's attack. x2; Yreizx Idok hits you.
You punch Yreizx Idok!
Yreizx Idok decays.
Yreizx Idok is severely wounded.
You constrict Yreizx Idok. You block the hellwing's attack. x2
You completely miss Yreizx Idok.
Yreizx Idok is severely wounded.
You constrict Yreizx Idok. Yreizx Idok barely misses you.
You pulverise Yreizx Idok!!!
You kill Yreizx Idok!
The Council accepts your kill. You block the hellwing's attack. x2
You pulverise the lich!!!
The lich decays.
Your grab misses the lich.
The lich is almost destroyed.
You block the lich's attack. You block the hellwing's attack. x2
You squash the lich like an ant!!!
You destroy the lich!
The Council accepts your kill.
You pummel the hellwing like a punching bag!!!
You kill the hellwing!
The Council accepts your kill.
No target in view!
(D) Dungeon (T) Temple (L) Lair (S) Swamp (P) Snake Pit (M) Slime Pits (O) Orcish Mines (E) Elven Halls (V) Vaults (C) Crypt (U) Depths (H) Hell (Z) Zot
Where to? (Enter - D:1 @ (x,y), ? - help)
You feel less exhausted.
There is a staircase leading out of the dungeon here.
Enter note: gg You have escaped!

........######
#####..........
.............##
#..............
##########....##
##.###..........
##.###.###.####.########.
#..# ##.#.## #..# #####.
#..## ##.## ##..# #...#.
#.#.###.#.###.#.# ##.#...
#.##.#.#.#.#.##.# #....#.
#.###.#.z.#.###.###.#....
##.##.#.#.#.#.##.##.....#.
#..#.###.#.###.#..#.#.#...
#.#.## ##.## ##.#........#
#...# ##.#.####.#..#...#..
###.###.###.##..#....#.†..
#....## ##.#.##..#...#..
###### #...##........#
##..##.#.#.#...


There were no monsters in sight!

Vanquished Creatures
  7 dread liches
  6 ancient liches
  3 orbs of fire
  Josephina (Zot:2)
  Bai Suzhen (Swamp:4)
  2 Killer Klowns (Zot:5)
  Saint Roka (Orc:2)
  Vv (Zot:2)
  Vashnia (Snake:2)
  4 curse toes
  Nikola (Swamp:1)
  12 golden dragons
  4 pandemonium lords
  A Tzitzimitl (Depths:1)
  A hellephant (D:8)
  A Brimstone Fiend (Depths:1)
  Jorgrun (Swamp:2)
  3 electric golems
  21 tentacled monstrosities
  3 liches
  5 titans
  13 quicksilver dragons
  26 Orb Guardians
  10 death cobs
  3 Executioners
  6 sphinxes
  Agnes (Snake:1)
  17 shadow dragons
  5 tengu reavers
  A thorn hunter (Swamp:2)
  16 storm dragons
  Aizul (Snake:1)
  Donald (Swamp:4)
  12 draconian monks
  9 fire giants
  4 nagarajas (Snake:4)
  A fenstrider witch (Swamp:4)
  3 iron dragons (Vaults:5)
  Louise (D:14)
  6 frost giants
  2 draconian knights
  A ghost moth (shapeshifter) (Vaults:5)
  16 vault wardens
  7 draconian scorchers
  2 deep elf sorcerers (Vaults:5)
  2 ghost moths
  5 draconian shifters
  A balrug (Depths:2)
  A reaper (D:15)
  A curse skull (Depths:2)
  A cacodemon (Zot:4)
  2 draconian stormcallers (Zot:5)
  4 orc warlords
  13 very ugly things
  2 formless jellyfish (Vaults:4)
  3 war gargoyles
  4 spriggan defenders (Depths:4)
  4 deep elf demonologists (Vaults:5)
  18 ironbound preservers
  14 stone giants
  4 draconian annihilators
  14 black draconians
  4 eleionomae
  2 vampire knights
  2 ironbound thunderhulks
  Nessos (D:15)
  16 green draconians
  14 purple draconians
  8 white draconians
  5 dire elephants
  10 yellow draconians
  A minotaur (Gauntlet)
  14 red draconians
  3 bunyips
  A lorocyproca (D:9)
  A deep elf annihilator (Vaults:5)
  The ghost of Takeo the Severer, a journeyman MiFi of Qazlal (D:13)
  6 spark wasps
  13 ettins
  Snorg (D:12)
  A deep elf death mage (Vaults:2)
  A blizzard demon (Zot:4)
  A crystal guardian (Vaults:3)
  2 shambling mangroves (Swamp:4)
  13 fire dragons
  14 yaktaur captains
  2 deep elf high priests (Vaults:5)
  An entropy weaver (Vaults:5)
  2 great orbs of eyes
  A salamander tyrant (Snake:4)
  A hell beast (Depths:2)
  3 peacekeepers
  22 hydras
  5 spriggan air magi
  6 ice dragons
  2 rakshasas (Depths:1)
  An ogre mage (Volcano)
  28 vault guards
  2 catoblepae
  5 ironbound frosthearts
  16 centaur warriors
  3 ghost crabs
  4 anacondas
  8 boulder beetles
  11 naga warriors
  8 two-headed ogres
  7 alligators
  3 death yaks (Lair:5)
  3 deep troll shamans
  7 deep troll earth magi
  5 tengu warriors
  5 shock serpents
  2 spriggan berserkers
  2 deep elf knights (Vaults:5)
  11 soul eaters
  19 naga sharpshooters
  A skyshark (Lair:4)
  An orc high priest (Orc:2)
  A sun demon (Zot:4)
  A hell knight (Volcano)
  Nergalle (D:11)
  A cherub (Depths:1)
  4 salamander mystics
  2 sixfirhies (Zot:4)
  14 skeletal warriors
  4 goliath frogs
  A skyshark (shapeshifter) (Vaults:4)
  Lodul (D:14)
  5 death drakes
  A quicksilver dragon simulacrum (Depths:2)
  A shadow demon (D:15)
  A spriggan druid (Swamp:4)
  54 deep trolls
  An orb spider (shapeshifter) (Vaults:4)
  4 iron trolls
  2 sea snakes (shapeshifter)
  6 naga ritualists
  A flayed ghost (Depths:2)
  A glowing orange brain (D:9)
  3 harpies (Vaults:2)
  6 bog bodies
  7 swamp dragons
  7 lindwurms
  4 phantasmal warriors
  9 wizards
  9 orc knights
  2 deep elf zephyrmancers
  A steelbarb worm (shapeshifter) (Vaults:4)
  6 mana vipers
  2 wolf spiders
  3 deep elf pyromancers
  22 ironbound convokers
  A shadow dragon zombie (Vaults:3)
  4 cyclopes
  2 necromancers
  A wolf spider zombie (D:15)
  5 orc sorcerers
  A spectral centaur (Gauntlet)
  A manticore (D:14)
  A will-o-the-wisp (Swamp:4)
  33 moths of wrath
  2 centaur zombies (D:15)
  18 salamanders
  51 ugly things
  14 elephants
  A human skeleton (Vaults:3)
  A guardian serpent (Snake:1)
  18 vault sentinels
  35 black mambas
  A guardian serpent (shapeshifter) (D:13)
  18 naga magi
  A torpor snail (shapeshifter) (Vaults:4)
  4 gargoyles
  A storm dragon simulacrum (Zot:2)
  12 cane toads
  A molten gargoyle (Volcano)
  2 orange demons (Zot:4)
  A hellion (D:4)
  A rime drake (shapeshifter) (D:15)
  4 kobold demonologists (D:13)
  6 rime drakes
  An unseen horror (D:10)
  3 freezing wraiths
  8 komodo dragons
  Psyche (D:8)
  4 efreet
  A red devil (D:4)
  23 yaktaurs
  2 tengu conjurers
  8 trolls
  A silent spectre (Depths:2)
  4 hellwings
  A guardian mummy (Zot:2)
  9 tyrant leeches
  A troll (shapeshifter) (Vaults:5)
  A hornet (shapeshifter) (Vaults:5)
  14 polar bears
  A tarantella (shapeshifter) (D:14)
  12 hornets
  A meliai (shapeshifter) (D:15)
  A merfolk (shapeshifter) (Vaults:5)
  14 blink frogs
  2 raiju (Lair:5)
  7 dream sheep (Lair:5)
  24 slime creatures
  A jumping spider (Vaults:5)
  A large abomination (Zot:2)
  A human simulacrum (Vaults:3)
  A shadow (D:13)
  3 wraiths
  48 yaks
  A vampire (D:13)
  3 wyverns
  3 basilisks (Lair:5)
  7 fire bats (Volcano)
  4 spriggans
  2 neqoxecs
  A golden eye (shapeshifter) (D:13)
  A purple draconian simulacrum (Zot:2)
  A steam dragon (D:7)
  A redback (Vaults:5)
  14 swamp worms
  8 vampire mosquitoes
  A redback (shapeshifter) (Vaults:5)
  An elf skeleton (Vaults:3)
  8 wargs
  2 acid dragons
  48 nagas
  18 water moccasins
  A spectral hornet (Gauntlet)
  15 hell hounds (Lair:5)
  14 swamp drakes
  2 floating eyes
  13 black bears
  2 ice beasts
  A sky beast (shapeshifter) (Vaults:5)
  2 sky beasts
  38 orc warriors
  14 wolves (Lair:5)
  16 ogres
  7 centaurs
  11 kobold brigands
  8 bullfrogs
  2 gnoll sergeants (D:12)
  A scorpion (D:4)
  A glowing shapeshifter simulacrum (Vaults:3)
  18 killer bees
  An electric eel (D:8)
  A howler monkey (D:7)
  5 lava snakes (Volcano)
  4 hounds
  6 jellies
  3 gnoll boudas
  17 orc priests
  A sleepcap (D:7)
  7 iguanas
  29 orc wizards
  A sickly merfolk siren (Sewer)
  A malarious merfolk avatar (Sewer)
  A mummy (D:10)
  28 gnolls
  12 adders
  3 river rats
  2 shadow imps
  A white imp (D:7)
  3 ufetubi
  4 worms (D:5)
  4 dart slugs
  56 orcs
  4 bats
  7 endoplasms
  A giant cockroach (Sewer)
  10 goblins
  9 hobgoblins
  4 jackals (D:1)
  4 quokkas
  12 ball pythons
  10 frilled lizards
  34 kobolds
  27 rats
1899 creatures vanquished.

Vanquished Creatures (collateral kills)
  An ancient lich (Zot:5)
  A death cob (Zot:2)
  A storm dragon (Zot:2)
  2 shadow dragons (Zot:2)
  A soul eater (Zot:2)
  A moth of wrath (Zot:5)
7 creatures vanquished.

Vanquished Creatures (others)
  An eldritch tentacle (Zot:4)
  A storm dragon (Zot:2)
  A spriggan berserker (Swamp:4)
  A goliath frog (Swamp:1)
  An orange demon (Zot:4)
  3 bloated husks
  A human (Depths:2)
  2 swamp worms (Swamp:1)
  A naga (Snake:4)
  2 moth of wrath simulacra (Zot:2)
  A swamp drake (Swamp:4)
  An orc wizard (D:8)
  A giant cockroach (D:1)
  8 foxfires (Swamp:4)
25 creatures vanquished.

Grand Total: 1931 creatures vanquished

Notes
Turn   | Place    | Note
-------+----------+-------------------------------------------
     0 | D:1      | Flugkiller the Naga Shapeshifter began the quest for the
                  | Orb.
     0 | D:1      | Reached XP level 1. HP: 18/18 MP: 1/1
   194 | D:1      | Reached XP level 2. HP: 24/26 MP: 2/2
   513 | D:1      | Reached XP level 3. HP: 11/33 MP: 3/3
  1306 | D:2      | Found Reiji's Distillery.
  1319 | D:2      | Found Cirphin's Antique Armour Boutique.
  1652 | D:2      | Found Kigg's Antique Armour Emporium.
  1666 | D:2      | Found Ottotin's Book Emporium.
  1741 | D:2      | Found Gaddergh's Magic Scroll Shop.
  1998 | D:3      | Reached XP level 4. HP: 42/42 MP: 4/4
  2080 | D:3      | Identified the +11 dagger "Usyvyucob" {flame, rC- rCorr
                  | SInv}
  2185 | D:3      | Found Begue's Weapon Shop.
  2319 | D:3      | Found a blossoming altar of Fedhas.
  2328 | D:3      | Found a burning altar of Makhleb.
  2615 | D:4      | Reached XP level 5. HP: 50/50 MP: 5/5
  2886 | D:4      | Found a basalt altar of Yredelemnul.
  2909 | D:4      | Reached XP level 6. HP: 36/57 MP: 6/6
  3028 | D:4      | Found an iron altar of Okawaru.
  3352 | D:5      | Entered Level 5 of the Dungeon
  3368 | D:5      | Found a hazy altar of Hepliaklqana.
  3368 | D:5      | Found a faded altar of an unknown god.
  3393 | D:5      | Found a broken altar of Ashenzari.
  3405 | D:5      | Noticed a wyvern
  3413 | D:5      | Killed a wyvern
  3414 | D:5      | Reached XP level 7. HP: 46/66 MP: 7/7
  3467 | D:5      | Found a staircase to the Ecumenical Temple.
  3483 | D:5      | Reached skill level 5 in Shapeshifting
  3490 | Temple   | Entered the Ecumenical Temple
  3498 | Temple   | Became a worshipper of the Wu Jian Council
  3526 | D:5      | Found a shadowy altar of Dithmenos.
  3698 | D:5      | Reached skill level 5 in Fighting
  3698 | D:5      | Reached skill level 5 in Unarmed Combat
  3777 | D:5      | Found a glowing drain.
  3782 | Sewer    | Entered a sewer
  3931 | Sewer    | Reached * piety under Wu Jian
  4068 | Sewer    | Reached XP level 8. HP: 74/74 MP: 8/8
  4234 | D:5      | Identified a scroll of acquirement
  4372 | D:5      | Found an opulent altar of Gozag.
  4408 | D:5      | Acquired the +0 barding of Veqo {rF++ Stlth+}
  4717 | D:6      | Reached skill level 1 in Armour
  4759 | D:6      | Reached ** piety under Wu Jian
  5335 | D:6      | Found a shimmering blue altar of Sif Muna.
  5350 | D:6      | Reached skill level 5 in Armour
  5585 | D:7      | Reached XP level 9. HP: 60/81 MP: 9/9
  6502 | D:7      | Found a runed translucent gate.
  6502 | D:7      | Found a runed translucent gate.
  6503 | D:7      | Found a runed translucent gate.
  6610 | D:7      | Noticed stringoo's ghost (novice OpFi)
  6677 | D:8      | Found a glowing silver altar of Zin.
  6677 | D:8      | Noticed an angel
  6740 | D:8      | Found a staircase to the Lair.
  6772 | D:8      | Found a flagged portal.
  6782 | Bailey   | Entered a bailey
  6793 | Bailey   | Noticed an orc warlord
  6821 | Bailey   | Reached *** piety under Wu Jian
  6945 | Bailey   | Reached XP level 10. HP: 24/92 MP: 10/10
  7155 | Bailey   | Found a runed translucent gate.
  7158 | Bailey   | Found a runed translucent gate.
  7160 | Bailey   | Found a runed translucent gate.
  7265 | Bailey   | Killed an orc warlord
  7379 | D:8      | Acquired the +4 barding of Qyzeus Xoic {rPois Will+ Dex+3}
  7749 | D:8      | Found a white marble altar of Elyvilon.
  7928 | D:8      | Noticed Psyche
  7930 | D:8      | Killed Psyche
  8715 | D:2      | Bought a brightly glowing plate armour for 504 gold pieces
  8715 | D:2      | Identified the +5 plate armour "Saxoam" {Drain rElec Regen+
                  | Stlth-} (You bought it in a shop on level 2 of the Dungeon)
  9213 | D:9      | Found a radiant altar of Vehumet.
  9245 | D:9      | Reached XP level 11. HP: 82/103 MP: 11/11
  9441 | D:9      | Reached **** piety under Wu Jian
  9738 | D:10     | Entered Level 10 of the Dungeon
  9783 | D:10     | Found a snail-covered altar of Cheibriados.
 10697 | D:10     | Found a hide-covered altar of Uskayaw.
 10862 | D:11     | Noticed a boulder beetle
 10880 | D:11     | Killed a boulder beetle
 11054 | D:11     | Noticed Nergalle
 11402 | D:11     | Killed Nergalle
 11403 | D:11     | Reached skill level 10 in Fighting
 11403 | D:11     | Reached skill level 10 in Unarmed Combat
 11624 | D:11     | Noticed a two-headed ogre
 11630 | D:11     | Killed a two-headed ogre
 11799 | D:11     | Noticed a two-headed ogre
 11806 | D:11     | Killed a two-headed ogre
 11807 | D:11     | Reached XP level 12. HP: 111/116 MP: 12/12
 12389 | D:2      | Bought a scroll of blinking for 75 gold pieces
 12392 | D:2      | Bought a scroll of identify for 20 gold pieces
 12393 | D:2      | Bought a scroll of summoning for 95 gold pieces
 12473 | D:2      | Bought a potion of heal wounds for 70 gold pieces
 12775 | Lair:1   | Entered Level 1 of the Lair of Beasts
 12959 | Lair:1   | Reached skill level 10 in Armour
 13020 | Lair:1   | Reached skill level 10 in Shapeshifting
 13121 | Lair:1   | Noticed a catoblepas
 13128 | Lair:1   | Killed a catoblepas
 13289 | Lair:1   | Reached skill level 1 in Evocations
 14095 | Lair:2   | You fall into a shaft and drop 2 floors!
 14162 | Lair:4   | Gained mutation: You can use your snake-like lower body to
                  | constrict enemies. [Naga growth]
 14162 | Lair:4   | Reached XP level 13. HP: 106/123 MP: 13/13
 14238 | Lair:4   | Reached skill level 5 in Evocations
 14305 | Lair:4   | Found a dark tunnel.
 14316 | Volcano  | Entered a volcano
 14489 | Volcano  | Found a radiant altar of Vehumet.
 14876 | Lair:4   | Found a one-way gate to the infinite horrors of the Abyss.
 14880 | Lair:4   | Found a transporter.
 14883 | Lair:4   | Noticed Qeochiv's ghost (journeyman MfMo)
 15224 | Lair:4   | Noticed a fire giant
 15228 | Lair:4   | a fire giant changed into a fenstrider witch
 15228 | Lair:4   | Noticed a fenstrider witch (glowing shapeshifter)
 15230 | Lair:4   | Found a transporter.
 15240 | Lair:4   | Noticed a fire giant
 15240 | Lair:4   | a fire giant changed into an eleionoma
 15240 | Lair:4   | Noticed an eleionoma (glowing shapeshifter)
 15241 | Lair:4   | an eleionoma changed into a fenstrider witch
 15241 | Lair:4   | Noticed a fenstrider witch (glowing shapeshifter)
 15242 | Lair:4   | a fenstrider witch changed into an iron troll
 16133 | Lair:3   | Found a staircase to the Snake Pit.
 16210 | Lair:3   | Reached XP level 14. HP: 125/132 MP: 14/14
 16538 | Lair:3   | Reached ***** piety under Wu Jian
 16651 | Lair:3   | Found a staircase to the Swamp.
 16859 | Lair:5   | Entered Level 5 of the Lair of Beasts
 16961 | Lair:5   | Found a staircase to the Slime Pits.
 16962 | Lair:5   | Found a viscous altar of Jiyva.
 17103 | Lair:5   | Reached skill level 15 in Unarmed Combat
 17757 | Lair:5   | Noticed a dire elephant
 18054 | Lair:5   | Killed a dire elephant
 18360 | D:12     | Reached XP level 15. HP: 144/144 MP: 15/15
 18521 | D:12     | Found a portal to a secret trove of treasure.
 18660 | D:12     | Noticed Snorg
 18668 | D:12     | Killed Snorg
 18669 | D:12     | Reached skill level 5 in Dodging
 18721 | D:12     | Reached ****** piety under Wu Jian
 18722 | D:12     | Found a staircase to the Orcish Mines.
 18795 | D:12     | Found Quitina's Armour Boutique.
 19079 | D:13     | Found a gate to the Vaults.
 19780 | D:13     | Noticed Takeo's ghost (journeyman MiFi)
 19927 | D:13     | Found a runed translucent door.
 20277 | D:13     | Killed Takeo's ghost
 20444 | D:14     | Noticed Louise
 20449 | D:14     | Killed Louise
 20465 | D:14     | Noticed Lodul
 20471 | D:14     | Killed Lodul
 20513 | D:14     | Found Vops's Jewellery Shoppe.
 20607 | D:14     | Found a sacrificial altar of Ru.
 20716 | D:14     | Identified the +3 ring mail "Doekieny" {+Inv}
 20929 | D:14     | Reached XP level 16. HP: 152/152 MP: 16/16
 21065 | D:15     | Entered Level 15 of the Dungeon
 21188 | D:15     | Noticed Nessos
 21193 | D:15     | Killed Nessos
 21396 | D:15     | Identified the +3 lajatang "Guwausis" {flame, Will+}
 21475 | D:15     | Found a shimmering altar of Xom.
 21624 | D:15     | Found Ucyirycimor's Book Shop.
 21948 | D:15     | Found a staircase to the Depths.
 22254 | Orc:1    | Entered Level 1 of the Orcish Mines
 22381 | Orc:2    | Entered Level 2 of the Orcish Mines
 22399 | Orc:2    | Noticed Saint Roka
 22417 | Orc:2    | Killed Saint Roka
 22428 | Orc:2    | Found Jeeteb's Antique Weapon Shop.
 22434 | Orc:2    | Found Edifiwi's Antique Armour Shop.
 22463 | Orc:2    | Found a bloodstained altar of Trog.
 22571 | Orc:2    | Found Wiutujy's General Store.
 22578 | Orc:2    | Found a gate leading to a gauntlet.
 22585 | Orc:2    | Found a staircase to the Elven Halls.
 22589 | Gauntlet | Entered a Gauntlet
 22589 | Gauntlet | Found a transporter.
 22589 | Gauntlet | Found a transporter.
 22589 | Gauntlet | Found a transporter.
 22590 | Gauntlet | Found a transporter.
 22593 | Gauntlet | Found a transporter.
 22593 | Gauntlet | Found a transporter.
 22603 | Gauntlet | Found a transporter.
 22607 | Gauntlet | Found a transporter.
 22617 | Gauntlet | Found a transporter.
 22617 | Gauntlet | Found a transporter.
 22643 | Gauntlet | Found a transporter.
 22645 | Gauntlet | Found a transporter.
 22801 | Gauntlet | Identified the ring "Uxauch" {Fly Int+5}
 22831 | Gauntlet | Identified the +0 pair of gloves "Uplobrysm" {rN+ Str+5}
 22853 | Gauntlet | Identified the +4 ice dragon scales of Doabla {rF- rC++
                  | rN++ Str+2 Int+3}
 22871 | Gauntlet | Got the Elucidation of Excavation and Poison
 22875 | Gauntlet | Got the Compendium of Evil and Transportation
 23029 | Orc:2    | Bought a shiny helmet for 247 gold pieces
 23064 | Orc:2    | Found Bynutut's Book Shop.
 24062 | Snake:1  | Entered Level 1 of the Snake Pit
 24086 | Snake:1  | Noticed Aizul
 24089 | Snake:1  | Noticed Agnes
 24095 | Snake:1  | Killed Agnes
 24096 | Snake:1  | Killed Aizul
 24265 | Snake:1  | Reached XP level 17. HP: 123/164 MP: 17/17
 24999 | Snake:2  | Noticed Vashnia
 25017 | Snake:2  | Killed Vashnia
 25937 | Snake:4  | Entered Level 4 of the Snake Pit
 26487 | Snake:4  | Reached skill level 15 in Fighting
 26586 | Snake:4  | Reached XP level 18. HP: 178/178 MP: 18/18
 26789 | Snake:4  | Got a serpentine rune of Zot
 27130 | Swamp:1  | Entered Level 1 of the Swamp
 27180 | Swamp:1  | Noticed Nikola
 27253 | Swamp:1  | Identified the +1 rapier of Bloody Death {drain, rN+
                  | Stlth+}
 28280 | Swamp:1  | Killed Nikola
 28605 | Swamp:2  | Noticed Jorgrun
 28608 | Swamp:2  | Killed Jorgrun
 29389 | Swamp:4  | Entered Level 4 of the Swamp
 29390 | Swamp:4  | Noticed Bai Suzhen
 29405 | Swamp:4  | Killed Bai Suzhen
 29438 | Swamp:4  | Noticed Donald
 29449 | Swamp:4  | Killed Donald
 29477 | Swamp:4  | Identified the +2 ring mail "Butelaj" {Int+7 Dex-2 Slay+2}
 29621 | Swamp:4  | Reached skill level 15 in Shapeshifting
 29724 | Swamp:4  | Got a decaying rune of Zot
 29765 | Swamp:4  | Reached XP level 19. HP: 150/186 MP: 19/19
 30325 | Vaults:1 | Entered Level 1 of the Vaults
 31261 | Vaults:2 | Found Ireku's Antique Weapon Shop.
 31617 | Vaults:2 | Found a staircase to the Crypt.
 31683 | Vaults:2 | Found Kuqeus's Weapon Emporium.
 31971 | Vaults:2 | Reached XP level 20. HP: 194/194 MP: 20/20
 33175 | Vaults:3 | Found a runed translucent door.
 33175 | Vaults:3 | Noticed vineage's ghost (adept MiFi)
 34183 | Vaults:4 | Paralysed by a formless jellyfish for 1 turns
 34637 | Depths:1 | Entered Level 1 of the Depths
 34700 | Depths:1 | You fall into a shaft and drop 1 floor!
 34700 | Depths:2 | Found a one-way gate leading to the halls of Pandemonium.
 34899 | Depths:1 | Reached XP level 21. HP: 190/201 MP: 21/21
 35122 | Depths:1 | Found a gateway to Hell.
 35411 | D:14     | Bought a talisman of death for 1819 gold pieces
 35520 | Depths:1 | Found the +0 mask of the Dragon {Will+ Slay+3 SInv}
 36589 | Depths:1 | Reached skill level 1 in Shields
 37168 | Depths:2 | Found a runed door.
 37336 | Depths:2 | Found a transporter.
 37337 | Depths:2 | Noticed Iloeme's ghost (adept DECK)
 37338 | Depths:2 | Identified the +8 giant club "Ficlotui" {flame, rElec Dex-2
                  | SInv}
 37340 | Depths:2 | Found a transporter.
 37677 | Depths:3 | Reached skill level 5 in Shields
 37925 | Depths:3 | Found the +5 glaive of the Guard {elec, spectral, AC+5}
 38122 | Depths:3 | Found a one-way gateway to a ziggurat.
 38214 | Depths:3 | Paralysed by a floating eye for 4 turns
 38289 | Depths:3 | Found a runed translucent door.
 38289 | Depths:3 | Found a shimmering altar of Xom.
 38289 | Depths:3 | Noticed initializr's ghost (veteran OgAE)
 38605 | Depths:4 | Entered Level 4 of the Depths
 38692 | Depths:4 | Found Wuasizid's Assorted Antiques.
 38700 | Depths:4 | Bought a scroll of blinking for 315 gold pieces
 38700 | Depths:4 | Bought a potion of heal wounds for 210 gold pieces
 38935 | Depths:4 | Reached XP level 22. HP: 93/210 MP: 22/22
 39618 | Depths:4 | Noticed a golden dragon
 39684 | Depths:4 | Reached skill level 10 in Shields
 39844 | Depths:4 | Identified the ring "Have" {Fly rN+ Will+ Int+3 Dex+3}
 39850 | Depths:4 | Killed a golden dragon
 39932 | Depths:4 | Found a gate to the Realm of Zot.
 40828 | Vaults:5 | Entered Level 5 of the Vaults
 40839 | Vaults:5 | Noticed a dread lich
 40843 | Vaults:5 | Noticed a golden dragon
 40844 | Vaults:5 | Noticed a golden dragon
 40855 | Vaults:5 | Killed a dread lich
 40891 | Vaults:5 | Noticed a dread lich
 40900 | Vaults:5 | Killed a dread lich
 40907 | Vaults:5 | Reached XP level 23. HP: 146/217 MP: 18/23
 40908 | Vaults:5 | Killed a golden dragon
 40911 | Vaults:5 | Killed a golden dragon
 40921 | Vaults:5 | Noticed a dread lich
 40924 | Vaults:5 | Killed a dread lich
 40939 | Vaults:5 | Reached skill level 15 in Shields
 40972 | Vaults:5 | Identified the amulet "Dinyntoc" {Spirit Harm +Blink}
 40987 | Vaults:5 | Noticed a golden dragon
 40994 | Vaults:5 | Killed a golden dragon
 41165 | Vaults:5 | Noticed a golden dragon
 41171 | Vaults:5 | Killed a golden dragon
 41180 | Vaults:5 | Got a silver rune of Zot
 41262 | Vaults:5 | Identified the ring of Xanul {rElec rPois rN+ Will+}
 41622 | Vaults:5 | Found Esoruumo's Weapon Shoppe.
 42275 | Zot:1    | Entered Level 1 of the Realm of Zot
 42445 | Zot:1    | Found a transporter.
 42455 | Zot:1    | Found a transporter.
 42459 | Zot:1    | Found a transporter.
 42503 | Zot:1    | Reached XP level 24. HP: 202/236 MP: 23/23
 42585 | Zot:1    | Found a transporter.
 43271 | Zot:2    | Identified the ring "Pat Jonk" {Ice rN+ MP+9 Stlth+}
 43271 | Zot:2    | Noticed Josephina
 43279 | Zot:2    | Killed Josephina
 43418 | Zot:2    | Noticed Vv
 43425 | Zot:2    | Killed Vv
 43561 | Zot:2    | Noticed a dread lich
 43564 | Zot:2    | Killed a dread lich
 43604 | Zot:2    | Noticed a curse toe
 43612 | Zot:2    | Killed a curse toe
 43617 | Zot:2    | Noticed a curse toe
 43623 | Zot:2    | Killed a curse toe
 43895 | Zot:2    | Identified the +11 trident of the Insatiable Beds {speed,
                  | rN+ Dex+8}
 43914 | Zot:2    | Noticed an ancient lich
 43923 | Zot:2    | Killed an ancient lich
 44281 | Zot:3    | Noticed a curse toe
 44287 | Zot:3    | Killed a curse toe
 44491 | Zot:3    | Reached XP level 25. HP: 247/247 MP: 23/23
 44873 | Zot:3    | Noticed an orb of fire
 44883 | Zot:3    | Killed an orb of fire
 45199 | Zot:4    | Reached skill level 15 in Armour
 45941 | Zot:5    | Entered Level 5 of the Realm of Zot
 46081 | Zot:5    | Noticed a dread lich
 46101 | Zot:5    | Killed a dread lich
 46474 | Zot:5    | Noticed a dread lich
 46479 | Zot:5    | Killed a dread lich
 46481 | Zot:5    | Noticed a dread lich
 46492 | Zot:5    | Killed a dread lich
 46503 | Zot:5    | Noticed an ancient lich
 46505 | Zot:5    | Killed an ancient lich
 46575 | Zot:5    | Reached XP level 26. HP: 264/264 MP: 23/23
 46578 | Zot:5    | Noticed an orb of fire
 46580 | Zot:5    | Noticed an ancient lich
 46581 | Zot:5    | Noticed an ancient lich
 46586 | Zot:5    | Killed an orb of fire
 46590 | Zot:5    | Killed an ancient lich
 46592 | Zot:5    | Noticed a Killer Klown
 46592 | Zot:5    | Killed an ancient lich
 46595 | Zot:5    | Noticed an orb of fire
 46596 | Zot:5    | Noticed an ancient lich
 46596 | Zot:5    | Killed a Killer Klown
 46599 | Zot:5    | Killed an ancient lich
 46600 | Zot:5    | Killed an orb of fire
 46613 | Zot:5    | Noticed a Killer Klown
 46620 | Zot:5    | Killed a Killer Klown
 48120 | Zot:5    | Got the Orb of Zot
 48197 | Zot:4    | Noticed Viysh the pandemonium lord
 48202 | Zot:4    | Killed Viysh the pandemonium lord
 48208 | Zot:4    | Noticed Doonea the pandemonium lord
 48243 | Zot:4    | Killed Doonea the pandemonium lord
 48325 | Depths:3 | Noticed Nuomauph the pandemonium lord
 48343 | Depths:2 | Noticed an ancient lich
 48343 | Depths:2 | Noticed an ancient lich
 48361 | Depths:2 | Killed an ancient lich
 48367 | Depths:2 | Killed an ancient lich
 48624 | D:10     | Noticed Beutujuf the pandemonium lord
 48793 | D:4      | Noticed Zadoass the pandemonium lord
 48800 | D:4      | Killed Zadoass the pandemonium lord
 48861 | D:1      | Noticed Yreizx Idok the pandemonium lord
 48866 | D:1      | Killed Yreizx Idok the pandemonium lord
 48884 | D:1      | gg
 48885 | D:$      | Escaped with the Orb!

Illustrated notes

........######
#####..........
.............##
#..............
##########....##
##.###..........
##.###.###.####.########.
#..# ##.#.## #..# #####.
#..## ##.## ##..# #...#.
#.#.###.#.###.#.# ##.#...
#.##.#.#.#.#.##.# #....#.
#.###.#.z.#.###.###.#....
##.##.#.#.#.#.##.##.....#.
#..#.###.#.###.#..#.#.#...
#.#.## ##.## ##.#........#
#...# ##.#.####.#..#...#..
###.###.###.##..#....#.†..
#....## ##.#.##..#...#..
###### #...##........#
##..##.#.#.#...


Turn 48884 on D:1: gg

Levels and vault maps discovered:
D:1:      minmay_arrival_diagonal_passages, layout_basic,
          nicolae_kite_square_tiling_tiny, minmay_misc_feat_nine_boxes,
          lemuel_flame_loot_1
D:2:      layout_loops_ring, serial_shops, shop, nicolae_shop_getting_attention,
          nicolae_shop_real_fake_doors, shop, shop_fountains, minivault_24,
          chequers_serial_rivers_room_b
D:3:      layout_basic, mainiacjoe_overflow_large_starburst, serial_shops, shop
D:4:      layout_layer_cave, amcnicky_altar_gilded, okawaru_metal_pillars_3,
          minmay_statues_item
D:5:      layout_loops_ring, grunt_dithmenos_smoke_and_mirrors,
          nicolae_ashenzari_skybound, grunt_gozag_breadcrumbs,
          beargit_hepliaklqana_dungeon_heroes, minmay_temple_entry_large_hall,
          lightli_sewer_entry_pipes
D:6:      layout_cave_pools, kennysheep_orc_sif_temple, st_stairs_4
D:7:      layout_loops_corners, gammafunk_ghost_necromancy
D:8:      layout_loops_corners, nicolae_elyvilon_temple_path, zin_angel,
          erik_lair_orcish_takeover, enter_bailey_3, kennysheep_generic_room_13,
          uniq_psyche
D:9:      layout_basic, nicolae_vehumet_altar_sigil
D:10:     layout_loops_corners, nicolae_uskayaw_dance_studio, slow_altar_1
D:11:     layout_layer_cave, minmay_strange_pillars, uniq_nergalle
D:12:     layout_loops_ring, kennysheep_orc_monster_closet_entryway,
          enter_trove_2, serial_shops, shop, minmay_checkerbox, uniq_snorg
D:13:     kennysheep_green_arena, layout_layer_cave,
          skrybe_vaults_entry_preservation, hellmonk_ghost_happy_afterlife,
          fountainhead
D:14:     layout_irregular_city, serial_shops, nicolae_shop_gaudy_bauble,
          nicolae_ru_path_of_blood, uniq_louise, uniq_lodul
D:15:     grunt_enter_depths_magical_seal, layout_loops_corners, minivault_27,
          serial_shops, nicolae_book_shop_shelving, tgw_xom, uniq_nessos
Temple:   hellmonk_temple_forest_ring
Lair:1:   layout_cave_pods, cheibrodos_lair_lostbears
Lair:2:   layout_chaotic_city, grunt_megastairs_4, infiniplex_staircase_pool
Lair:3:   layout_cave_pods, palyth_hydra_swamp_entry,
          nicolae_snake_entry_squirm, hibernation_bobbens
Lair:4:   layout_loops_ring, gammafunk_ghost_abyssal_escape, enter_volcano_2
Lair:5:   hangedman_lair_caniforms_friends, layout_loops_ring,
          hangedman_lair_in_review, slime_entry_1
Swamp:1:  nicolae_swamp_tree_isthmus, layout_basic_swamp,
          hangedman_swamp_diagram, uniq_nikola
Swamp:2:  layout_basic_swamp, evilmike_swamp_ruin_rubble_2, swamp_pool5,
          uniq_jorgrun
Swamp:3:  layout_basic_swamp, evilmike_swamp_ruin_house_3
Swamp:4:  swamp_basic_johnstein, layout_basic_swamp, uniq_donald,
          uniq_bai_suzhen
Snake:1:  layout_misc_corridors, serial_bayou_shore_b, serial_bayou_shore_b,
          uniq_agnes, uniq_aizul
Snake:2:  layout_gridlike, uniq_vashnia
Snake:3:  layout_onion
Snake:4:  snake_pit, layout_rooms
Orc:1:    layout_diamond_mine, nicolae_orc_pool_cavern
Orc:2:    grunt_orc_cross, layout_caves, gauntlet_entry_generic, basic_altar
Vaults:1: grunt_vaults_trifunnel, vaults_room_octagon, v_misc_4,
          hangedman_vaults_nails, vaults_room_grid, hangedman_vaults_maws,
          v_alt_pattern_6, ontoclasm_vaults_shout,
          nicolae_vaults_little_squares_3, nicolae_vaults_storage_room_water,
          layout_vaults_omnibox
Vaults:2: nicolae_vaults_layer_cake_slice, hangedman_vaults_trim,
          nicolae_vaults_storage_closets_2, vaults_mumra_hexcomb,
          nicolae_vaults_big_angled_halls, vaults_dpeg_spiral,
          nicolae_vaults_hexular_roomagon, nicolae_vaults_trapezoid_4,
          minmay_crypt_entry_simple_box, nicolae_vaults_more_shelving_1,
          layout_vaults_chaotic_city, serial_shops, shop_statue,
          nicolae_shop_bloodbath_and_beyond
Vaults:3: hellmonk_ghost_big_iron, nicolae_vaults_variable_pillar_hall,
          nicolae_vaults_trapezoid_lopsided_3,
          nicolae_vaults_variable_pillar_hall, vaults_dpeg_hooks,
          nicolae_vaults_border_crossing, ontoclasm_vaults_spin,
          nicolae_vaults_little_squares_4, layout_vaults_quadrants
Vaults:4: nicolae_vaults_mitosis, v_pattern_1, v_misc_2,
          nicolae_vaults_tetromino_T_2, nicolae_vaults_storage_closets_1,
          nicolae_vaults_layer_cake_slice, nicolae_vaults_meiosis,
          vaults_room_door_hall, nicolae_vaults_tetromino_L_2,
          vaults_room_hallway, v_misc_13, nicolae_vaults_loss_of_containment,
          serial_ice_b, layout_vaults_ring
Vaults:5: serial_shops
Depths:1: layout_roguey, hell_entry, grunt_ministairs_8, onia_ninara_cookie
Depths:2: evilmike_wizard_prison, layout_gridlike, minmay_misc_feat_pillars,
          grunt_mini_vestibule, hangedman_abyss_entry_splay,
          gammafunk_ghost_smash, pan_entry
Depths:3: minmay_shoctagon, layout_basic, enter_ziggurat_f, hell_entry,
          abyss_entry, kennysheep_nub, ebering_ghost_xom,
          minmay_staircase_bubble
Depths:4: lemuel_castle_with_subvaults [lemuel_castle_interior_carwin_2],
          layout_honeycomb, serial_shops, shop, pan_entry, hell_entry
Zot:1:    layout_gridlike, nicolae_diode_quadrants
Zot:2:    hangedman_snap_crack_crunch, layout_onion_interference, st_stairs_13,
          nzn_random_ring, uniq_vv, uniq_josephina
Zot:3:    layout_basic
Zot:4:    layout_basic
Zot:5:    layout_misc_corridors

Skill      XL: |  1  2  3  4  5  6  7  8  9 10 11 12 13 14 15 16 17 18 19 20 21 22 23 24 25 26 |
---------------+-------------------------------------------------------------------------------+-----
Fighting       | 2 3 4 5 6 8 10 12 13 15 17 18 20 22 | 22.1
Unarmed Combat | 4 5 6 8 10 11 13 15 17 18 19 20 22 | 22.1
Shapeshifting  | 4 5 7 9 10 11 12 15 18 20 21 | 21.0
Armour         | 5 6 9 11 12 14 15 | 15.0
Evocations     | 4 8 |  8.0
Dodging        | 4 7 8 9 |  9.0
Shields        | 7 13 15 16 17 | 17.0

Action                     |  1- 3 |  4- 6 |  7- 9 | 10-12 | 13-15 | 16-18 | 19-21 | 22-24 | 25-27 || total
---------------------------+-------+-------+-------+-------+-------+-------+-------+-------+-------++-------
  Melee: Unarmed           |   102 |    14 |       |   252 |   979 |   931 |  1093 |  1363 |   694 ||  5428
         Punch             |     3 |     3 |    10 |    46 |   132 |   134 |   139 |       |       ||   467
         Dagger            |       |    52 |   338 |   345 |       |       |       |       |       ||   735
         Constrict         |       |       |       |       |   243 |   222 |   211 |   239 |    98 ||  1013
 Invoke: Serpent's Lash    |       |       |     1 |     7 |    15 |    21 |    11 |    16 |    10 ||    81
         Heavenly Storm    |       |       |       |       |       |     2 |       |     1 |     1 ||     4
Ability: Spit Poison       |     2 |       |       |       |       |       |       |       |       ||     2
         Lunge             |       |       |    33 |    29 |    56 |   121 |    80 |    84 |    39 ||   442
         Whirlwind         |       |       |     4 |    27 |   104 |   123 |    70 |   347 |   154 ||   829
         Siphon Essence    |       |       |       |       |       |       |     1 |     3 |       ||     4
  Evoke: Wand              |       |       |       |     3 |     4 |     2 |       |     2 |     2 ||    13
         Phial of floods   |       |       |       |       |     2 |     1 |       |       |       ||     3
         Box of beasts     |       |       |       |       |       |       |       |     1 |       ||     1
         Phantom mirror    |       |       |       |       |       |       |       |     1 |       ||     1
    Use: Scroll            |     5 |     7 |     7 |    11 |     1 |     1 |     6 |     5 |     9 ||    52
         Potion            |     2 |     1 |       |     3 |       |       |       |       |       ||     6
   Stab: Sleeping          |     1 |       |       |       |       |       |       |       |       ||     1
         Petrified         |       |       |       |       |     5 |       |       |       |       ||     5
         Petrifying        |       |       |       |       |     1 |       |       |       |       ||     1
         Distracted        |       |       |       |       |       |     1 |       |     1 |       ||     2
 Armour: Animal skin       |    25 |       |       |       |       |       |       |       |       ||    25
         Skin              |     6 |     5 |     7 |       |       |       |       |       |       ||    18
         Plate armour      |       |    18 |   168 |   554 |   708 |   401 |   497 |   366 |   172 ||  2884
  Dodge: Dodged            |    47 |    10 |    40 |   101 |   248 |   410 |   336 |   455 |   139 ||  1786
  Block: Tower shield      |       |       |       |       |       |       |   179 |   865 |   437 ||  1481
   Form: Beast             |       |       |       |     4 |     2 |       |       |       |       ||     6
                           |       |       |       |     2 |     2 |       |       |       |       ||     4
         Blade             |       |       |       |     2 |     1 |       |     1 |       |       ||     4
         Maw               |       |       |       |     1 |       |       |       |     1 |       ||     2
         Anaconda          |       |       |       |     1 |       |       |       |       |       ||     1
         Death             |       |       |       |       |       |       |     2 |     1 |       ||     3

Table legend: (Time is in decaauts)
 A = Elapsed time spent in this place.
 B = Non-inter-level travel time spent in this place.
 C = Inter-level travel time spent in this place.
 D = Time resting spent in this place.
 E = Time spent auto-exploring this place.
 F = Levels seen in this place.
 G = Mean time per level.
                   A        B        C        D        E       F      G
               +--------+--------+--------+--------+--------+-----+--------+
         Total |  63403 |  52706 |  10697 |   4194 |  36956 |  49 | 1293.9 |
       Dungeon |  24546 |  18497 |   6049 |   1459 |  13685 |  15 | 1636.4 |
        Temple |     22 |     22 |      0 |      0 |      0 |   1 |   22.0 |
          Lair |   7470 |   6194 |   1276 |    545 |   4312 |   5 | 1494.0 |
         Swamp |   3633 |   3360 |    273 |    708 |   1905 |   4 |  908.2 |
     Snake Pit |   3962 |   3609 |    353 |    426 |   2355 |   4 |  990.5 |
  Orcish Mines |   1509 |   1360 |    149 |      0 |    952 |   2 |  754.5 |
        Vaults |   7439 |   6513 |    926 |    121 |   5126 |   5 | 1487.8 |
        Depths |   6209 |   5325 |    884 |    305 |   3788 |   4 | 1552.2 |
           Zot |   6503 |   5720 |    783 |    205 |   3950 |   5 | 1300.6 |
         Sewer |    557 |    557 |      0 |    122 |    217 |   1 |  557.0 |
        Bailey |    697 |    697 |      0 |    247 |    231 |   1 |  697.0 |
       Volcano |    399 |    399 |      0 |     55 |    206 |   1 |  399.0 |
      Gauntlet |    452 |    452 |      0 |      0 |    225 |   1 |  452.0 |
               +--------+--------+--------+--------+--------+-----+--------+

Top non-repeatable levels by time:
    D:13: 2707 daAuts
     D:8: 2274 daAuts
    D:11: 2211 daAuts
  Lair:3: 2044 daAuts
Depths:4: 1849 daAuts
    D:15: 1843 daAuts
     D:2: 1678 daAuts
Vaults:2: 1659 daAuts
  Lair:5: 1634 daAuts
     D:7: 1625 daAuts
     D:9: 1617 daAuts
    D:10: 1601 daAuts
  Lair:1: 1589 daAuts
Vaults:3: 1534 daAuts
Vaults:1: 1518 daAuts
